 Dungeon Crawl Stone Soup version 0.29.1-2-gbd0b4ee654 (webtiles) character file.

Game seed: 3580394884612611506

626 fantasyman the Conjurer (level 7, -2/36 HPs)
             Began as a Deep Elf Conjurer on Nov 14, 2022.
             Slain by a gnoll sergeant
             ... wielding a +2 trident of protection
              (5 damage)
             ... on level 5 of the Dungeon.
             The game lasted 00:07:00 (4889 turns).

fantasyman the Conjurer (Deep Elf Conjurer)         Turns: 4889, Time: 00:07:02

Health: -2/36      AC:  5    Str:  4    XL:     7   Next: 23%
Magic:  11/19      EV: 13    Int: 25    God:
Gold:   135        SH:  0    Dex: 13    Spells: 16/19 levels left

rFire   . . .      SeeInvis .   d - staff of conjuration
rCold   . . .      Faith    .   (no shield)
rNeg    . . .      Spirit   .   a - +0 robe
rPois   .          Reflect  .   e - +0 helmet
rElec   .          Harm     .   (no cloak)
rCorr   .          Rampage  .   h - +1 pair of gloves
Will    .....                   (no boots)
Stlth   ++........              (no amulet)
HPRegen 0.12/turn               (no ring)
MPRegen 0.16/turn               (no ring)

@: no status effects
A: no striking features
a: no special abilities


You were on level 5 of the Dungeon.
You visited 1 branch of the dungeon, and saw 5 of its levels.

You collected 135 gold pieces.

Inventory:

Missiles
 q - a throwing net
Armour
 a - a +0 robe (worn)
 e - a +0 helmet (worn)
 h - a +1 pair of gloves (worn)
Magical Staves
 d - a staff of conjuration (weapon)
Wands
 p - a wand of mindburst (18)
 s - a wand of roots (4)
Scrolls
 f - a scroll of blinking
 l - a scroll of vulnerability
Potions
 b - a potion of magic
 c - a potion of haste
 j - a potion of flight
 k - a potion of ambrosia
 m - 2 potions of curing
 o - a potion of degeneration {unknown}
 r - a potion of mutation {unknown}


   Skills:
 + Level 4.2 Dodging
 + Level 4.0 Stealth
 + Level 6.8 Spellcasting
 + Level 7.0 Conjurations


You had 16 spell levels left.
You knew the following spells:

 Your Spells              Type           Power      Damage    Failure   Level
a - Magic Dart            Conj           100%       1d8       1%          1
b - Searing Ray           Conj           100%       2d8       1%          2

Your spell library contained the following spells:

 Spells                   Type           Power      Damage    Failure   Level
 Dazzling Flash           Conj/Hex       78%        N/A       4%          3
 Fulminant Prism          Conj/Hex       19%        3d11      16%         4
 Iskenderun's Mystic Bla  Conj/Tloc      39%        2d9       16%         4
 Leda's Liquefaction      Hex/Erth       4%         N/A       56%         4
 Lee's Rapid Deconstruct  Erth           4%         3d6*      88%         5
 Statue Form              Tmut/Erth      5%         N/A       100%        6


Dungeon Overview and Level Annotations

Branches:
Dungeon (5/15)
 Temple: D:4-7

Altars:
Cheibriados

Annotations:
D:4 Dowan, Duvessa, Robin


Message History

Casting: Magic Dart (safe; 1% risk of failure)
Confirm with . or Enter, or press ? or * to list all spells.
Aiming: Searing Ray (safe; 1% risk of failure)
Press: ? - help, Shift-Dir - straight line, f/p - gnoll sergeant
Aim: a gnoll sergeant, wielding a +2 trident of protection, wearing a +0 ring mail and wearing a +0 buckler (87% to hit)
You feel a surge of power!
The searing ray hits the gnoll sergeant but does no damage. (Press . to maintain the ray.)
The gnoll sergeant barely misses you.
The searing ray hits the gnoll sergeant but does no damage.
The gnoll sergeant barely misses you.
The searing ray hits the gnoll sergeant!
The gnoll sergeant is heavily wounded.
You hear a shout!
A gnoll comes into view. It is wielding a +0 club.
The gnoll sergeant hits you from afar with a +2 trident of protection!
The searing ray hits the gnoll sergeant.
The gnoll sergeant is severely wounded.
You finish channelling your searing ray.
The gnoll sergeant hits you from afar with a +2 trident of protection.
The gnoll sergeant hits you but does no damage.
Casting: Searing Ray (safe; 1% risk of failure)
Confirm with . or Enter, or press ? or * to list all spells.
Aiming: Searing Ray (safe; 1% risk of failure)
Press: ? - help, Shift-Dir - straight line, f/p - gnoll sergeant
Aim: a gnoll sergeant, wielding a +2 trident of protection, wearing a +0 ring mail and wearing a +0 buckler (severely wounded, 87% to hit)
You feel a surge of power!
The searing ray hits the gnoll sergeant but does no damage.
The gnoll sergeant is severely wounded. (Press . to maintain the ray.)
The gnoll sergeant hits you from afar with a +2 trident of protection!
* * * LOW HITPOINT WARNING * * *
The searing ray hits the gnoll.
The gnoll is lightly wounded.
The searing ray hits the gnoll sergeant.
The gnoll sergeant is almost dead.
The gnoll hits you with a +0 club!
* * * LOW HITPOINT WARNING * * *
The gnoll sergeant hits you from afar with a +2 trident of protection.
You die...

#...........)..........
#...........)..<.......
#......................
######'###.............
##......##......##.....
#.......##......##.....
#......................
#......................
##...........@.........
######.##.##g..#####
#+##+##g..# ).....
.)...... ..........
...=...... ...........


You could see a gnoll sergeant and a gnoll.

Vanquished Creatures
  Grinder (D:4)
  Menkaure (D:4)
  2 scorpions
  Jessica (D:3)
  Ijyb (D:4)
  4 gnolls
  3 adders
  An ufetubus (D:3)
  2 worms
  A dart slug (D:3)
  4 orcs
  4 endoplasms
  10 goblins
  3 hobgoblins
  4 jackals
  3 quokkas
  2 ball pythons
  7 bats
  2 frilled lizards
  6 kobolds
  3 rats
65 creatures vanquished.

Notes
Turn   | Place    | Note
-------+----------+-------------------------------------------
     0 | D:1      | fantasyman the Deep Elf Conjurer began the quest for the
                  | Orb.
     0 | D:1      | Reached XP level 1. HP: 10/10 MP: 6/6
   317 | D:1      | Reached XP level 2. HP: 15/15 MP: 5/8
   471 | D:1      | Reached skill level 5 in Conjurations
   883 | D:1      | You fall into a shaft and drop 1 floor!
  1118 | D:2      | Reached XP level 3. HP: 19/19 MP: 4/9
  1658 | D:1      | Found a faded altar of an unknown god.
  2034 | D:2      | Noticed a scorpion
  2046 | D:2      | Killed a scorpion
  2047 | D:2      | Reached XP level 4. HP: 24/24 MP: 4/12
  2050 | D:2      | Learned a level 2 spell: Searing Ray
  2470 | D:3      | Noticed Jessica
  2498 | D:3      | Killed Jessica
  2685 | D:3      | Reached XP level 5. HP: 28/28 MP: 10/14
  2787 | D:3      | Found a snail-covered altar of Cheibriados.
  3360 | D:4      | Noticed Menkaure
  3371 | D:4      | Reached skill level 5 in Spellcasting
  3371 | D:4      | Reached skill level 6 in Conjurations
  3685 | D:4      | Killed Menkaure
  3686 | D:4      | Reached XP level 6. HP: 32/32 MP: 8/16
  3761 | D:4      | Noticed Grinder
  3771 | D:4      | Killed Grinder
  3772 | D:4      | Reached XP level 7. HP: 10/36 MP: 6/18
  4105 | D:4      | Noticed Ijyb
  4118 | D:4      | Killed Ijyb
  4122 | D:4      | Identified a scroll of acquirement
  4122 | D:4      | Acquired a staff of conjuration
  4260 | D:4      | Noticed Robin
  4273 | D:4      | Noticed Duvessa
  4274 | D:4      | Noticed Dowan
  4280 | D:5      | Entered Level 5 of the Dungeon
  4653 | D:5      | Reached skill level 7 in Conjurations
  4889 | D:5      | Slain by a gnoll sergeant

Illustrated notes

Levels and vault maps discovered:
D:1:      dpeg_arrival_connections, layout_basic,
          shapermc_ecumenical_altar_mp_highgroup
D:2:      layout_loops_cross
D:3:      layout_loops_ring, kennysheep_slug_shrine, minmay_misc_feat_iff,
          uniq_jessica
D:4:      nicolae_BIG_FREAKIN_CUBE, layout_rooms,
          pdpol_wu_jian_five_deadly_venoms, ebering_ghost_reflecting_pool,
          grunt_decor_one_mirror, nicolae_figureground_sparkle,
          uniq_blork_the_orc, uniq_ijyb, uniq_menkaure, uniq_duvessa,
          uniq_grinder, uniq_robin
D:5:      layout_gridville, mainiacjoe_overflow_catch_the_wave,
          yredelemnul_altar_generic, uniq_crazy_yiuf_cottage

Skill      XL: |  1  2  3  4  5  6  7 |
---------------+----------------------+-----
Conjurations   | 5 6 7 |  7.0
Spellcasting   | 4 5 6 |  6.8
Dodging        | 3 4 |  4.2
Stealth        | 3 4 |  4.0

Action                   |  1- 3 |  4- 6 |  7- 9 || total
-------------------------+-------+-------+-------++-------
Melee: Staff             |       |       |     1 ||     1
 Cast: Magic Dart        |    60 |    42 |    17 ||   119
       Searing Ray       |       |     5 |     8 ||    13
  Use: Scroll            |       |       |    10 ||    10
Armor: Robe              |    10 |     1 |     6 ||    17
Dodge: Dodged            |    24 |    11 |    18 ||    53
